AoeStats
← AussieToast

Pilgrims

509528498Analyzed
4v4 RM · 6d ago on Sep 27, 2026· 40m 50s· 8 players
Game mode
Random Map
Map size
Large (8 player)
Population
200
Speed
Normal
Resources
Standard
Victory
Conquest
Starting age
Dark Age
Ending age
Imperial Age
RankedLock teamsTeams togetherTeam positionsShared explorationLock speedFull tech treeHidden civsTurbo modeCheats
Victory
Defeat
🇦🇺 Persians · Australia
905
+14
🇦🇺 Malians · Australia
883
+15
🇦🇺 Byzantines · Australia
864
+16
🇦🇺 Varangians · Australia
863
+16
🇦🇺 Gurjaras · Australia
887
-16
🇨🇳 Maya · China
878
-16
🇲🇽 Khmer · Mexico
858
-15
🇧🇷 Franks · Brazil
822
-14
KAIBIL BALAM436
4:07 Loom
14:05 Feudal Age
17:09 Gold Mining
17:09 Double-Bit Axe
20:58 Castle Age
19:12 Horse Collar
24:30 Bow Saw
24:41 Stone Mining
ErvilhaDaBoa 0.o !
14:01 Feudal Age
17:29 Wheelbarrow
20:11 Castle Age
19:34 Double-Bit Axe
21:35 Hand Cart
24:16 Gold Mining
24:18 Stone Mining
30:43 Imperial Age
42:10 Imperial Age
Mr Killson
9:03 Loom
13:45 Feudal Age
14:37 Double-Bit Axe
14:44 Gold Mining
16:54 Wheelbarrow
16:05 Town Watch
16:15 Fishing Lines
27:18 Castle Age
25:14 Stone Mining
25:09 Horse Collar
26:32 Forging
26:27 Scale Barding Armor
26:24 Padded Archer Armor
29:01 Husbandry
29:12 Bloodlines
32:07 Iron Casting
36:13 Stone Shaft Mining
37:55 Heavy Plow
39:42 Chain Barding Armor
873108255
4:51 Loom
13:46 Feudal Age
15:19 Wheelbarrow
14:32 Double-Bit Axe
14:40 Gold Mining
14:33 Horse Collar
14:43 Fishing Lines
15:28 Town Watch
19:24 Castle Age
18:35 Padded Archer Armor
18:26 Fletching
20:38 Medium Warships
19:53 Demolition Ship
20:30 Gillnets
20:47 Stone Mining
21:54 Bow Saw
23:05 Leather Archer Armor
22:46 Bodkin Arrow
25:41 Clinker Construction
25:42 Careening
33:20 Squires
32:47 Eagle Warrior
34:19 Ballistics
34:05 Heated Shot
36:25 Heavy Plow
40:15 Imperial Age
AussieToast
4:57 Loom
11:07 Feudal Age
11:43 Double-Bit Axe
17:45 Fishing Lines
24:12 Castle Age
25:13 Medium Warships
28:36 Scale Barding Armor
28:33 Scale Mail Armor
28:48 Forging
30:36 Chain Barding Armor
31:10 Iron Casting
31:01 Gillnets
32:17 Fletching
36:12 Bow Saw
38:00 Wheelbarrow
Sinbad
6:31 Loom
14:06 Feudal Age
15:52 Double-Bit Axe
20:03 Castle Age
19:35 Gold Mining
19:36 Stone Mining
19:59 Horse Collar
21:34 Husbandry
21:45 Bloodlines
22:03 Heavy Plow
22:29 Town Watch
34:31 Imperial Age
32:53 Forging
32:44 Scale Mail Armor
33:07 Light Cavalry
33:18 Pikeman
35:45 Elite Jarl
37:27 Crop Rotation
41:40 Stone Shaft Mining
SmallPP4000
16:53 Feudal Age
18:18 Double-Bit Axe
18:26 Gold Mining
18:24 Fishing Lines
21:07 Castle Age
19:17 Scale Mail Armor
19:37 Forging
19:21 Arson
21:23 Stone Mining
22:20 Chain Mail Armor
22:41 Iron Casting
22:09 Squires
22:27 Gillnets
32:30 Imperial Age
35:32 Plate Mail Armor
34:36 Elite Gbeto
Curlz
6:54 Loom
10:46 Feudal Age
12:36 Fishing Lines
14:51 Double-Bit Axe
16:55 Horse Collar
21:05 Castle Age
19:36 Stone Mining
19:39 Gold Mining
19:58 Scale Barding Armor
20:06 Bloodlines
20:09 Forging
25:32 Wheelbarrow
27:33 Hand Cart
27:24 Husbandry
28:46 Chain Barding Armor
29:02 Iron Casting
34:28 Imperial Age
36:58 Elite War Elephant
37:57 Kamandaran
40:08 Crossbowman
40:53 Thumb Ring
Connection lost

Rejoining the realm…

Still unreachable

The connection could not be restored.

Session expired

The server has moved on; the page needs a fresh start.